 Dungeon Crawl Stone Soup version 0.26-a0-21-gf97e55dc39 (webtiles) character file.

Game seed: 12105655927728214043, levelgen mode: deterministic

268 Lauz the Conjurer (level 5, -11/38 HPs)
             Began as a Demigod Conjurer on May 26, 2020.
             Killed by divine providence
             ... invoked by an orc priest
              (16 damage)
             ... on level 4 of the Dungeon.
             The game lasted 00:11:01 (4040 turns).

Lauz the Conjurer (Demigod Conjurer)                Turns: 4040, Time: 00:11:02

Health: -11/38     AC:  3    Str: 12 (13) XL:     5   Next: 68%
Magic:  0/10       EV: 12    Int: 16 (19) God:
Gold:   197        SH:  0    Dex: 13 (16) Spells: 4/7 levels left

rFire    . . .     SeeInvis .   m - staff of earth
rCold    . . .     Gourm    .   (no shield)
rNeg     . . .     Faith    .   a - +1 robe
rPois    .         Spirit   .   (no helmet)
rElec    .         Reflect  .   (no cloak)
rCorr    .         Harm     .   (no gloves)
MR       .....                  (no boots)
Stlth    ++........             (no amulet)
HPRegen  0.12/turn              u - ring of wizardry
MPRegen  0.12/turn              (no ring)

@: hasted, very quick
A: high mp 1
a: no special abilities


You were on level 4 of the Dungeon.
You were hungry.

You visited 1 branch of the dungeon, and saw 4 of its levels.

You collected 197 gold pieces.

Inventory:

Hand Weapons
 b - a cursed -1 dagger
 d - a +0 club
Armour
 a - a +1 robe (worn)
Magical Staves
 m - an uncursed staff of earth (weapon)
Jewellery
 g - an uncursed ring of fire
 o - a -4 ring of dexterity
 u - a ring of wizardry (left hand)
 v - an uncursed amulet of magic regeneration {unknown}
Scrolls
 e - a scroll of enchant armour
 h - 2 scrolls of amnesia
 i - a scroll of identify
 j - a scroll of blinking
 l - 3 scrolls of remove curse
 n - 3 scrolls of teleportation
 t - 2 scrolls of random uselessness {unknown}
Potions
 k - a potion of curing {unknown}
 p - a potion of flight {unknown}
 q - a potion of berserk rage {unknown}
 s - 2 potions of resistance
Comestibles
 c - 5 rations


   Skills:
 - Level 1.7 Dodging
 - Level 1.7 Stealth
 - Level 1.7 Spellcasting
 * Level 6.6 Conjurations


You had 4 spell levels left.
You knew the following spells:

 Your Spells              Type           Power        Failure   Level  Hunger
a - Magic Dart            Conj           ###.         1%          1    ##.....
b - Searing Ray           Conj           ###...       1%          2    ###....

Your spell library contained the following spells:

 Spells                   Type           Power        Failure   Level  Hunger
 Dazzling Flash           Conj/Hex       ##....       6%          3    ####...
 Fulminant Prism          Conj/Hex       ##........   21%         4    #####..
 Iskenderun's Mystic Bla  Conj/Tloc      ##......     21%         4    #####..


Dungeon Overview and Level Annotations

Branches:
Dungeon (4/15)
 Temple: D:4-7


Innate Abilities, Weirdness & Mutations

You have an increased reservoir of magic. (+10% MP)


Message History

Casting: Magic Dart (safe; 1% risk of failure)
Confirm with . or Enter, or press ? or * to list all spells.
Aiming: Magic Dart (safe; 1% risk of failure)
Press: ? - help, Shift-Dir - straight line, f/p - orc priest
Aim: an orc priest, wielding a +0 short sword and wearing a +0 ring mail (heavily wounded)
The magic dart hits the orc priest but does no damage.
The orc priest is heavily wounded.
There is an escape hatch in the ceiling here.
It was a potion of degeneration.
There was something very wrong with that liquid.
You feel weakened.
You feel dopey.
You feel clumsy.
The orc priest looks braver for a moment.
Sorry, you're not good enough to have a special ability.
It was a potion of haste.
You feel yourself speed up. The orc priest closely misses you.
You barely miss the orc priest.
The orc priest is heavily wounded.
The orc priest calls down the wrath of Beogh upon you.
Beogh smites you!
You die...

.........#
########.#
......##.####.[.
#...........
####.####### #.#
. #.# ...
###.#####.....
#..@o.))†.....
#..............
#..####+#######
#.. ##. #


You could see an orc priest.

Vanquished Creatures
  A hound (D:3)
  A bullfrog skeleton (D:4)
  2 orc wizards (D:4)
  2 adders
  4 gnolls (D:3)
  2 oozes
  4 worms (D:2)
  A dart slug (D:3)
  4 leopard geckos
  6 orcs
  3 bats
  3 giant cockroaches
  9 goblins
  8 hobgoblins
  2 jackals (D:3)
  2 ball pythons
  3 frilled lizards
  6 kobolds
  A leopard gecko skeleton (D:2)
  9 rats
73 creatures vanquished.

Notes
Turn   | Place    | Note
-------+----------+-------------------------------------------
     0 | D:1      | Lauz the Demigod Conjurer began the quest for the Orb.
     0 | D:1      | Reached XP level 1. HP: 14/14 MP: 5/5
   348 | D:1      | Reached skill level 4 in Conjurations
   519 | D:1      | Reached XP level 2. HP: 20/20 MP: 5/7
  1122 | D:2      | Noticed a phantom
  1667 | D:1      | Learned a level 2 spell: Searing Ray
  1858 | D:1      | Reached XP level 3. HP: 22/26 MP: 0/8
  2339 | D:2      | Reached skill level 5 in Conjurations
  3020 | D:3      | Reached XP level 4. HP: 33/33 MP: 4/9
  3795 | D:3      | Reached skill level 6 in Conjurations
  3797 | D:3      | Reached XP level 5. HP: 30/38 MP: 3/10
  4040 | D:4      | Killed from afar by an orc priest

Illustrated notes

Levels and vault maps discovered:
D:1:      heliophobic_arrival_battle_scene, layout_loops_corners
D:2:      layout_loops_ring, minmay_pentomino_x2
D:3:      layout_loops_cross, first_ration
D:4:      layout_loops_ring, lemuel_coloured_pillars_altar,
          gup_sewer_entry_spiral, minmay_pentangle

Skill      XL: |  1  2  3  4 |
---------------+-------------+-----
Conjurations   | 4 5 6 |  6.6
Dodging        | |  1.7
Stealth        | |  1.7
Spellcasting   | |  1.7

Action                   |  1- 3 |  4- 6 || total
-------------------------+-------+-------++-------
Melee: Staff             |    10 |     9 ||    19
 Cast: Magic Dart        |   134 |    39 ||   173
       Searing Ray       |     4 |     8 ||    12
  Use: Scroll            |       |     7 ||     7
       Potion            |       |     2 ||     2
  Eat: Chunk             |     5 |     4 ||     9
       Ration            |     1 |       ||     1
Armor: Robe              |     1 |     1 ||     2
Dodge: Dodged            |    22 |    13 ||    35

Table legend:
 A = Non-vault XP
 B = Vault XP
 C = Vault XP percentage of total XP
 D = Non-vault monster count
 E = Vault monster count
 F = Vault count percentage of total count
                 A         B        C        D         E       F
            +---------+---------+-------+---------+---------+-------
      Total |     380 |       4 |   1.0 |      71 |       2 |   2.7
            +---------+---------+-------+---------+---------+-------
        D:1 |      24 |       0 |   0.0 |      14 |       0 |   0.0
        D:2 |      64 |       4 |   5.9 |      21 |       2 |   8.7
        D:3 |     166 |       0 |   0.0 |      31 |       0 |   0.0
        D:4 |     126 |       0 |   0.0 |       5 |       0 |   0.0
            +---------+---------+-------+---------+---------+-------
